 Dungeon Crawl Stone Soup version 0.29.1-2-gbd0b4ee654 (webtiles) character file.

Game seed: 680565580860411484

343 safid the Shooter (level 6, -2/55 (57) HPs)
             Began as a Minotaur Hunter on Nov 21, 2022.
             Slain by an iron imp (9 damage)
             ... summoned by Eustachio
             ... on level 4 of the Dungeon.
             The game lasted 00:08:04 (3475 turns).

safid the Shooter (Minotaur Hunter)                 Turns: 3475, Time: 00:08:06

HP:   -2/55 (57)    AC:  3    Str: 15      XL:     6   Next: 31%
MP:   5/5           EV: 11    Int:  6      God:
Gold: 299           SH:  0    Dex:  7 (16) Spells: 5/5 levels left

rFire   . . .      SeeInvis .   a - +0 shortbow
rCold   . . .      Faith    .   (shield currently unavailable)
rNeg    . . .      Spirit   .   c - +0 leather armour
rPois   .          Reflect  .   (helmet restricted)
rElec   .          Harm     .   (no cloak)
rCorr   .          Rampage  .   (no gloves)
Will    +....                   (no boots)
Stlth   +.........              j - amulet of regeneration
HPRegen 0.98/turn               o - ring of willpower
MPRegen 0.09/turn               (no ring)

@: lightly drained
A: horns 2, retaliatory headbutt
a: no special abilities


You were on level 4 of the Dungeon.
You visited 1 branch of the dungeon, and saw 4 of its levels.

You collected 299 gold pieces.

Inventory:

Hand Weapons
 a - a +0 shortbow (weapon)
Armour
 c - a +0 leather armour (worn)
Jewellery
 j - an amulet of regeneration (around neck)
 o - a ring of willpower (left hand)
Wands
 q - a wand of polymorph (11)
Scrolls
 b - 2 scrolls of immolation
 d - 2 scrolls of fear {unknown}
 e - a scroll of butterflies {unknown}
 f - a scroll of brand weapon {unknown}
 h - 3 scrolls of teleportation {unknown}
 k - a scroll of noise {unknown}
 m - a scroll of magic mapping {unknown}
 n - a scroll of amnesia {unknown}
 p - a scroll of acquirement {unknown}
Potions
 g - 3 potions of attraction {unknown}
 l - 2 potions of mutation {unknown}


   Skills:
 + Level 6.0 Fighting
 + Level 6.7 Ranged Weapons
 - Level 2.1 Dodging
 - Level 0.7 Stealth


You had 5 spell levels left.
You didn't know any spells.
Your spell library contained the following spells:

 Spells                   Type           Power      Damage    Failure   Level
 Ignite Poison            Fire/Tmut/Pois 0%         N/A       88%         3
 Mephitic Cloud           Conj/Pois/Air  0%         N/A       88%         3
 Tukima's Dance           Hex            0%         N/A       88%         3
 Passage of Golubria      Tloc           0%         N/A       99%         4
 Freezing Cloud           Conj/Ice/Air   0%         6-21      100%        5
 Yara's Violent Unravell  Hex/Tmut       0%         3d3       100%        5


Dungeon Overview and Level Annotations

Branches:
Dungeon (4/15)
 Temple: D:4-7

Altars:
Cheibriados
Kikubaaqudgha
Vehumet
The Shining One

Annotations:
D:4 Eustachio


Innate Abilities, Weirdness & Mutations

You have a pair of horns on your head.
You reflexively headbutt those who attack you in melee.


Message History

The white imp barely misses you.
Fire: a) +0 shortbow
Press: ? - help, Q - select action, (/) - cycle Shift-Dir - straight line, f/p - Eustachio
Aim: Eustachio, wielding a +0 rapier and wearing a +3 leather armour of cold resistance (severely wounded, 50% to hit)
You shoot an arrow. The arrow hits Eustachio.
Eustachio is severely wounded.
Eustachio hits you with a +0 rapier.
Unknown command.
Fire: a) +0 shortbow
Press: ? - help, Q - select action, (/) - cycle Shift-Dir - straight line, f/p - Eustachio
Aim: Eustachio, wielding a +0 rapier and wearing a +3 leather armour of cold resistance (severely wounded, 50% to hit)
You shoot an arrow. The arrow hits Eustachio!
Eustachio is almost dead.
Eustachio barely misses you.
Unknown command.
Fire: a) +0 shortbow
Press: ? - help, Q - select action, (/) - cycle Shift-Dir - straight line, f/p - Eustachio
Aim: Eustachio, wielding a +0 rapier and wearing a +3 leather armour of cold resistance (almost dead, 50% to hit)
You shoot an arrow. The arrow barely misses Eustachio.
Eustachio hits you with a +0 rapier. The iron imp hits you!
* * * LOW HITPOINT WARNING * * *
The white imp gestures at you. The puff of frost hits you.
* * * LOW HITPOINT WARNING * * *
Unknown command.
Fire: a) +0 shortbow
Press: ? - help, Q - select action, (/) - cycle Shift-Dir - straight line, f/p - Eustachio
Aim: Eustachio, wielding a +0 rapier and wearing a +3 leather armour of cold resistance (almost dead, 50% to hit)
You shoot an arrow.
The arrow hits Eustachio but does no damage.
Eustachio is almost dead.
Eustachio gestures wildly while chanting.
Eustachio blinks!
The white imp barely misses you. The iron imp closely misses you.
Fire: a) +0 shortbow
Press: ? - help, Q - select action, (/) - cycle Shift-Dir - straight line, f/p - Eustachio
Aim: Eustachio, wielding a +0 rapier and wearing a +3 leather armour of cold resistance (almost dead, 50% to hit)
You shoot an arrow. The arrow barely misses Eustachio.
The white imp misses you. The iron imp hits you!
You die...

# ##.# #..# .##..# #..# ..#.##
#..# ....# #..# ....# #..#
..#.## ######..# ###..#
######.......##
#..####..@....55.....## ##
##.......>....@#####..########.
#.........##### ##.........)
##....#### ##.).....## #....##
#...#..... #..#...## #..#..##..
...###...## #.<..##..# ..#
###..### ##.)###..# ## ##...##
#..# #.## ##...### #..######


You could see Eustachio, an iron imp (summoned) and a white imp (summoned).

Vanquished Creatures
  An ogre (D:4)
  An orc priest (D:4)
  An iguana (D:4)
  5 gnolls
  5 adders
  3 worms (D:2)
  5 dart slugs
  8 orcs (D:4)
  5 endoplasms
  4 giant cockroaches
  5 goblins
  8 hobgoblins
  6 jackals
  3 quokkas
  8 ball pythons
  8 bats
  3 frilled lizards
  6 kobolds
  7 rats
92 creatures vanquished.

Notes
Turn   | Place    | Note
-------+----------+-------------------------------------------
     0 | D:1      | safid the Minotaur Hunter began the quest for the Orb.
     0 | D:1      | Reached XP level 1. HP: 18/18 MP: 0/0
   309 | D:1      | Reached XP level 2. HP: 26/26 MP: 1/1
   766 | D:1      | Reached skill level 5 in Ranged Weapons
   766 | D:1      | Reached XP level 3. HP: 26/31 MP: 2/2
   882 | D:2      | You fall into a shaft and drop 2 floors!
   900 | D:4      | Reached XP level 4. HP: 5/40 MP: 3/3
   903 | D:4      | HP: 2/40 [poisoned by an adder]
  1749 | D:4      | Noticed an ogre
  1817 | D:4      | Killed an ogre
  1818 | D:4      | Reached skill level 5 in Fighting
  1818 | D:4      | Reached XP level 5. HP: 48/48 MP: 4/4
  2210 | D:2      | Reached XP level 6. HP: 56/56 MP: 5/5
  2420 | D:2      | Found a faded altar of an unknown god.
  2690 | D:3      | Found a snail-covered altar of Cheibriados.
  3283 | D:4      | Found a radiant altar of Vehumet.
  3283 | D:4      | Found a glowing golden altar of the Shining One.
  3283 | D:4      | Found an ancient bone altar of Kikubaaqudgha.
  3437 | D:4      | Noticed Eustachio
  3475 | D:4      | Slain by an iron imp

Illustrated notes

Levels and vault maps discovered:
D:1:      dpeg_chamrin_arrival_tetris, layout_basic
D:2:      layout_rooms, ebering_ecumenical_altar_sacrificial,
          cheibrodos_gnoll_hut
D:3:      layout_loops_ring, mainiacjoe_overflow_cross_hatched,
          nicolae_eternal_life
D:4:      layout_cave_pods, gammafunk_temple_overflow_claw, uniq_eustachio

Skill      XL: |  1  2  3  4  5  6 |
---------------+-------------------+-----
Fighting       | 3 4 5 6 |  6.0
Ranged Weapons | 5 6 |  6.7
Dodging        | |  2.1
Stealth        | |  0.7

Action                   |  1- 3 |  4- 6 || total
-------------------------+-------+-------++-------
 Fire: Shortbow          |    86 |   219 ||   305
  Use: Potion            |       |     3 ||     3
Armor: Leather armour    |     8 |    57 ||    65
Dodge: Dodged            |    39 |   136 ||   175
